 Dungeon Crawl Stone Soup version 0.24.0-123-gd5b16e6ec5 (webtiles) character file.

Game seed: 15722189242835036373, levelgen mode: deterministic

128 sanka the Digger (level 4, -1/33 HPs)
             Began as a Demigod Earth Elementalist on Jan 28, 2020.
             Killed from afar by an orc wizard (4 damage)
             ... with a puff of frost
             ... on level 3 of the Dungeon on Jan 29, 2020.
             The game lasted 00:06:06 (2451 turns).

sanka the Digger (Demigod Earth Elementalist)       Turns: 2451, Time: 00:06:07

Health: -1/33      AC:  3    Str: 11    XL:     4   Next: 57%
Magic:  5/9        EV: 12    Int: 21    God:
Gold:   124        SH:  0    Dex: 16    Spells: 1/7 levels left

rFire    . . .     SeeInvis .   e - +0 mace
rCold    + . .     Gourm    .   (no shield)
rNeg     . . .     Faith    .   c - +0 robe
rPois    +         Spirit   .   s - +0 helmet (curse)
rElec    .         Reflect  .   (no cloak)
rCorr    .         Harm     .   (no gloves)
MR       .....                  (no boots)
Stlth    ++........             (no amulet)
HPRegen  0.11/turn              i - ring of protection from cold
MPRegen  0.11/turn              p - ring of poison resistance

@: no status effects
A: high mp 1
a: no special abilities


You were on level 3 of the Dungeon.
You were very hungry.

You visited 1 branch of the dungeon, and saw 3 of its levels.

You collected 124 gold pieces.


Innate Abilities, Weirdness & Mutations

You have an increased reservoir of magic. (+10% MP)


   Skills:
 - Level 1.7 Dodging
 - Level 1.7 Stealth
 - Level 2.0 Spellcasting
 - Level 2.0 Conjurations
 - Level 0.8 Transmutations
 + Level 4.4 Earth Magic


You had one spell level left.
You knew the following spells:

 Your Spells              Type           Power        Failure   Level  Hunger
x - Stone Arrow           Conj/Erth      ###...       12%         3    ###....
y - Passwall              Tmut/Erth      ##......     8%          2    ##.....
z - Sandblast             Erth           ###...       2%          1    #......

Your spell library contained the following spells:

 Spells                   Type           Power        Failure   Level  Hunger
 Petrify                  Tmut/Erth      ##......     43%         4    #####..
 Lee's Rapid Deconstruct  Erth           ###.......   54%         5    ######.


Dungeon Overview and Level Annotations

Branches:
Dungeon (3/15)

Inventory:

Hand Weapons
 e - a +0 mace (weapon)
   (You found it on level 1 of the Dungeon)
 g - a +2 hunting sling of flaming
   (You found it on level 1 of the Dungeon)
Missiles
 b - 118 stones (quivered)
 o - a throwing net {!f}
Armour
 c - a +0 robe (worn)
 s - a cursed +0 helmet (worn)
   (You found it on level 3 of the Dungeon)
Jewellery
 i - a ring of protection from cold (left hand)
   (You found it on level 1 of the Dungeon)
 m - a cursed ring of teleportation {unknown}
   (You found it on level 3 of the Dungeon)
 p - a ring of poison resistance (right hand)
   (You found it on level 2 of the Dungeon)
Wands
 t - a wand of random effects (16)
   (You found it on level 3 of the Dungeon)
Scrolls
 a - a scroll of immolation {unknown}
 f - 2 scrolls of teleportation {unknown}
 h - a scroll of fog {unknown}
 j - 3 scrolls of remove curse {@r2}
 k - a scroll of enchant weapon {unknown}
 q - 2 scrolls of identify {unknown}
 r - a scroll of magic mapping {unknown}
Potions
 l - a potion of mutation {unknown}
 n - 2 potions of heal wounds {unknown}
Comestibles
 d - 9 rations .....###.....## #.##### ......#.......# #.ooo.o

......#.......# #######
......#.......# ######
.....###.....## #.o(.# #.(.##
##...## #.##.#
##'#######'#######+#####.##.#####
......................##.##.o.o..
................@o.......########
......................##.#
##'#######†#######'#####...
#...## ##...## ##...## ....#
.....###.....###.....##.##.#
......#.......#.....).#. .#
......#.......#.......#. ##
..)...#.......#...(...#
.....###.....###.....##


You could see an orc wizard.


Message History

Beogh smites you!
* * * LOW HITPOINT WARNING * * *
You are feeling very hungry.
The orc wizard casts a spell.
The orc wizard flickers and vanishes!
Deactivating autopickup; reactivate with Ctrl-A.
You hear some strange, mumbled words.
You see here 17 arrows.
The orc wizard barely misses you.
Casting: Sandblast (safe; 2% risk of failure)
Confirm with . or Enter, or press ? or * to list all spells.
Aiming: Sandblast (safe; 2% risk of failure)
Press: ? - help, Shift-Dir - straight line, f - orc wizard
Aim: an orc wizard, wielding a +0 dagger and wearing a +0 robe (fast)
The blast of sand hits the orc wizard.
The orc wizard is moderately wounded.
b - 121 stones The orc wizard hits you with a +0 dagger.
* * * LOW HITPOINT WARNING * * *
Casting: Sandblast (safe; 2% risk of failure)
Confirm with . or Enter, or press ? or * to list all spells.
Aiming: Sandblast (safe; 2% risk of failure)
Press: ? - help, Shift-Dir - straight line, f/p - orc wizard
Aim: an orc wizard, wielding a +0 dagger and wearing a +0 robe (moderately wounded, fast)
The blast of sand misses the orc wizard.
b - 120 stones The orc wizard gestures at you while chanting.
The puff of frost hits you. You resist.
* * * LOW HITPOINT WARNING * * *
The orc wizard barely misses you.
Casting: Sandblast (safe; 2% risk of failure)
Confirm with . or Enter, or press ? or * to list all spells.
Aiming: Sandblast (safe; 2% risk of failure)
Press: ? - help, Shift-Dir - straight line, f/p - orc wizard
Aim: an orc wizard, wielding a +0 dagger and wearing a +0 robe (moderately wounded, fast)
The blast of sand hits the orc wizard!
The orc wizard is almost dead.
b - 119 stones The orc wizard closely misses you.
Casting: Sandblast (safe; 2% risk of failure)
Confirm with . or Enter, or press ? or * to list all spells.
Aiming: Sandblast (safe; 2% risk of failure)
Press: ? - help, Shift-Dir - straight line, f/p - orc wizard
Aim: an orc wizard, wielding a +0 dagger and wearing a +0 robe (almost dead, fast)
The blast of sand hits the orc wizard but does no damage.
The orc wizard is almost dead.
b - 118 stones The orc wizard casts a spell at you.
The puff of frost hits you. You resist.
You die...

Levels and vault maps discovered:
D:1:      saegor_arrival_fortress, layout_rooms, columned_hall_lemuel
D:2:      layout_rooms, chequers_ecumenical_altar_grove, first_ration
D:3:      kennysheep_six_static_rooms, layout_basic

Vanquished Creatures
  An orc priest (D:3)
  5 adders (D:2)
  4 dart slugs
  3 leopard geckos
  2 bats (D:2)
  A bat zombie (D:1)
  3 giant cockroaches
  3 hobgoblins
  12 kobolds
  A frilled lizard (D:2)
  4 goblins
  A leopard gecko zombie (D:1)
  3 rats (D:3)
43 creatures vanquished.

Table legend:
 A = Turns spent in this place as a percentage of turns spent in the entire game.
 B = Non-inter-level travel turns spent in this place as a percentage of non-inter-level travel turns spent in the entire game.
 C = Inter-level travel turns spent in this place as a percentage of turns spent in this place.
 D = Turns resting spent in this place as a percentage of non-inter-level travel turns spent in this place.
 E = Turns spent auto-exploring this place as a percentage of non-inter-level travel turns spent in this place.
 F = Non-inter-level travel turns spent in this place divided by the number of levels of this place that you've seen.
                   A       B       C       D       E      F
               +-------+-------+-------+-------+-------+----------------------
         Total | 100.0 | 100.0 |   3.3 |  37.3 |  40.9 | 790.0
       Dungeon | 100.0 | 100.0 |   3.3 |  37.3 |  40.9 | 790.0
               +-------+-------+-------+-------+-------+----------------------

Table legend:
 A = Kills in this place as a percentage of kills in entire the game.
 B = Kills by you in this place as a percentage of kills by you in the entire game.
 C = Kills by friends in this place as a percentage of kills by friends in the entire game.
 D = Other kills in this place as a percentage of other kills in the entire game.
 E = Experience gained in this place as a percentage of experience gained in the entire game.
 F = Experience gained in this place divided by the number of levels of this place that you have seen.
                   A       B       C       D       E      F
               +-------+-------+-------+-------+-------+----------------------
         Total | 100.0 | 100.0 |   N/A |   N/A | 100.0 |  61.0
       Dungeon | 100.0 | 100.0 |   N/A |   N/A | 100.0 |  61.0
               +-------+-------+-------+-------+-------+----------------------

Notes
Turn   | Place    | Note
-------+----------+-------------------------------------------
     0 | D:1      | sanka the Demigod Earth Elementalist began the quest for
                  | the Orb.
     0 | D:1      | Reached XP level 1. HP: 14/14 MP: 5/5
   268 | D:1      | Reached skill level 2 in Spellcasting
   481 | D:1      | Reached skill level 3 in Earth Magic
   770 | D:1      | Reached XP level 2. HP: 14/20 MP: 7/7
  1459 | D:2      | Reached XP level 3. HP: 26/26 MP: 6/8
  1490 | D:2      | Learned a level 2 spell: Passwall
  1494 | D:2      | Learned a level 3 spell: Stone Arrow
  1579 | D:2      | Reached skill level 4 in Earth Magic
  1631 | D:2      | Found a faded altar of an unknown god.
  1729 | D:2      | Reached skill level 1 in Conjurations
  1864 | D:2      | Reached XP level 4. HP: 33/33 MP: 5/9
  2372 | D:3      | Reached skill level 2 in Conjurations
  2399 | D:3      | HP: 5/33 [orc priest/divine providence (12)]
  2448 | D:3      | HP: 7/33 [orc wizard/+0 dagger (4)]
  2449 | D:3      | HP: 3/33 [orc wizard/puff of frost (4)]
  2451 | D:3      | Killed from afar by an orc wizard

Action                   |  1- 3 |  4- 6 || total
-------------------------+-------+-------++-------
Melee: Mace              |    66 |    33 ||    99
       Unarmed           |     5 |       ||     5
 Cast: Sandblast         |    23 |    10 ||    33
  Use: Scroll            |     1 |       ||     1
 Stab: Sleeping          |     1 |     3 ||     4
  Eat: Chunk             |     3 |     1 ||     4
Armor: Robe              |    24 |     3 ||    27
Dodge: Dodged            |    61 |    20 ||    81
